cohdb
Replays
Latest Replays
All Replays
Popular Replays
Top Player Replays
Match Explorer
How It Works
Community
CoH3 Stats
Reddit
Sign in to upload your games and track your stats! →
Sign in with Steam
Match 45234090
Unlisted
Match 45234090
Overview
Messages
Build Orders
End
Panzergrenadier Squad
Panzergrenadier Squad
Panzergrenadier Squad
Construct Light Support Kompanie
Construct Mechanized Kompanie
Veteran Squad Leaders
8 Rad Armored Car
Selects Panzerjäger Kommand Battlegroup
Selects Mine Fields
Selects Defensive Positions
Panzerjäger Mechanized Group
8 Rad Armored Car
Selects GrB 39 Grenade Launcher Requisition
Construct Panzerarmee Kommand
Selects Butterfly Bomb Drop
Armored Reserves
Panzergrenadier Squad
Assault Grenadier Squad
250 Light Carrier
Butterfly Bomb Drop
Selects Crew Shock Tactics
Tiger Heavy Tank
Wolfe
Panda Le GaY's
0
0
Comments
sign in to comment!
No comments posted yet!